 Dungeon Crawl Stone Soup version 0.30-a0-170-g85af917532 (webtiles) character file.

Game seed: 11093157451094501126

716 qw the Chopper (level 7, -19/44 HPs)
             Began as a Gargoyle Fighter on Sept 30, 2022.
             Demolished by an ogre
             ... wielding a +0 giant club
              (22 damage)
             ... on level 5 of the Dungeon.
             The game lasted 00:01:36 (4381 turns).

qw the Chopper (Gargoyle Fighter)                   Turns: 4381, Time: 00:01:37

Health: -19/44     AC: 20    Str: 21    XL:     7   Next: 69%
Magic:  7/7        EV:  5    Int:  9    God:
Gold:   243        SH:  4    Dex:  9    Spells: 6/6 levels left

rFire   . . .      SeeInvis .    Y - +0 war axe
rCold   . . .      Faith    .    c - +0 buckler
rNeg    + + .      Spirit   .    q - +0 plate armour
rPois   inf        Reflect  .    (no helmet)
rElec   +          Harm     .    (no cloak)
rCorr   .          Rampage  .    (no gloves)
Will    .....                    (no boots)
Stlth   ..........               (no amulet)
HPRegen 0.14/turn                i - +4 ring of protection
MPRegen 0.10/turn                p - ring of positive energy

@: about to teleport
A: sickness immunity, AC +4, negative energy resistance 1, electricity
resistance, torment resistance 1, petrification resistance
a: no special abilities


You were on level 5 of the Dungeon.
You visited 1 branch of the dungeon, and saw 5 of its levels.

You collected 243 gold pieces.


Innate Abilities, Weirdness & Mutations

You are immune to sickness and miasma.
Your stone body is resilient. (AC +4)
You are immune to poison.
You resist negative energy. (rN+)
You are resistant to electric shocks. (rElec)
You are resistant to unholy torment.
You are immune to petrification.


   Skills:
 + Level 4.5 Fighting
 - Level 7.0 Axes
 - Level 1.2 Throwing
 - Level 3.2 Armour
 - Level 3.2 Shields


You had 6 spell levels left.
You didn't know any spells.
Your spell library was empty.

Inventory:

Hand Weapons
 b - a +0 flail of protection
 Y - a +0 war axe (weapon)
Armour
 c - a +0 buckler (worn)
 q - a +0 plate armour (worn)
Jewellery
 i - a +4 ring of protection (left hand)
 p - a ring of positive energy (right hand)
Scrolls
 a - 5 scrolls of identify
 h - a scroll of poison {unknown}
Potions
 d - a potion of might
 e - 2 potions of attraction
 f - 4 potions of curing
 g - 2 potions of lignification
 k - 3 potions of mutation
 r - 2 potions of haste

Dungeon Overview and Level Annotations

Branches:
Dungeon (5/15)
 Temple: D:4-7

Altars:
Elyvilon
Qazlal
Trog
Yredelemnul
The Shining One

Shops:
D:1 (


Message History

You kill the shadow imp!
Found a scroll of blinking.
r - 2 potions of haste (gained 1)
You now have 243 gold pieces (gained 14).
Found a book of Air.
Enter note: You see here a book of Air.
a - 5 scrolls of identify (gained 1)
Found 5 stones.
You see here 5 stones.
Found a leather armour.
Enter note:
Enter note:
Enter note: You see here a +0 leather armour.
You see here a +0 leather armour.
There is a stone staircase leading down here.
An ogre comes into view. It is wielding a +0 giant club.
Found a scroll of blinking.
The ogre shouts!
You slash the ogre!
The ogre is moderately wounded.
The ogre hits you with a +0 giant club!
You barely miss the ogre.
The ogre is moderately wounded.
The ogre hits you with a +0 giant club!
You hit the ogre.
The ogre is moderately wounded.
The ogre hits you with a +0 giant club!
4379 ||| READING scroll of teleportation.
As you read the scroll of teleportation, it crumbles to dust.
You feel strangely unstable.
You barely miss the ogre.
The ogre is moderately wounded.
The ogre hits you with a +0 giant club.
You slash the ogre!
The ogre is severely wounded.
The ogre hits you with a +0 giant club!!
Ouch! That really hurt!
You die...

...#.###.# #.#
###. ##.### #.#
#.# #. #.# #.# #.#
#. #.# #.# #.# #.
### ###
##########.# #.
8##
#..........######.
.[8
#.########.#......
... ##.##
#.#.####. ...
#O@.# #.#.# #. ...
.?........#
#.#.####. ..8
######...##
#........ 8##
##.## #...###..
### ##### ###
######........ #.#
#...#
#.|........... .(#
#...#
#.####........
#.###...# #.#
#<.......
#.......## #.#
#..#.....


You could see an ogre.

Vanquished Creatures
  Sigmund (D:2)
  Eustachio (D:5)
  A black bear (D:5)
  An ice beast (D:5)
  3 hounds
  An iguana (D:4)
  5 adders
  A shadow imp (D:5)
  An ufetubus (D:5)
  A worm (D:2)
  8 orcs
  5 ball pythons
  8 bats
  7 endoplasms
  5 giant cockroaches
  A goblin (D:2)
  3 hobgoblins
  2 jackals (D:1)
  3 quokkas
  5 frilled lizards
  9 kobolds
  6 rats (D:1)
78 creatures vanquished.

Notes
Turn   | Place    | Note
-------+----------+-------------------------------------------
     0 | D:1      | qw the Gargoyle Fighter began the quest for the Orb.
     0 | D:1      | Reached XP level 1. HP: 14/14 MP: 1/1
     0 | D:1      | 0 ||| qw: Version: 0.2-a-13-gfc7b4b4
     0 | D:1      | 0 ||| qw: Game counter: 1698
     0 | D:1      | 0 ||| qw: Always use a shield: true
     0 | D:1      | 0 ||| qw: God list: Okawaru
     0 | D:1      | 0 ||| qw: Allow faded altars: false
     0 | D:1      | 0 ||| qw: Do Orc after D:15 true
     0 | D:1      | 0 ||| qw: Do second Lair branch before Depths: true
     0 | D:1      | 0 ||| qw: Lair rune preference: random
     0 | D:1      | 0 ||| qw: Plans: Normal, Zot:1-4, God:TSO, Crypt, Tomb,
                  | Pan, Slime:5, Hells, Abyss, Orb
     0 | D:1      | 0 ||| PLANNING D:1-11
    51 | D:1      | Reached skill level 2 in Axes
   277 | D:1      | Reached XP level 2. HP: 19/19 MP: 2/2
   504 | D:1      | 504 ||| Stepping ~*~*~tactically~*~*~ (stealth).
   505 | D:1      | 505 ||| Stepping ~*~*~tactically~*~*~ (stealth).
   508 | D:1      | Reached skill level 3 in Axes
   535 | D:1      | Found Exox's Antique Weapon Emporium.
   545 | D:1      | Reached XP level 3. HP: 15/23 MP: 3/3
   661 | D:1      | 661 ||| SHOPLISTING ichor-stained flail (144 gold, have
                  | 30).
   739 | D:1      | Found a faded altar of an unknown god.
   740 | D:1      | 740 ||| Stepping ~*~*~tactically~*~*~ (stealth).
   916 | D:1      | 916 ||| UPGRADING to +0 chain mail.
   926 | D:1      | 926 ||| DROPPING +0 scale mail.
   927 | D:1      | 927 ||| UPGRADING to +4 ring of protection.
   928 | D:1      | 928 ||| READING 2 scrolls labelled YJIELO NOERERCHIN.
   929 | D:1      | 929 ||| READING scroll labelled AHECUIWNEX.
   930 | D:1      | 930 ||| DRINKING 2 orange potions.
  1152 | D:2      | Noticed Sigmund
  1161 | D:2      | Killed Sigmund
  1162 | D:2      | Reached skill level 5 in Axes
  1162 | D:2      | Reached XP level 4. HP: 20/28 MP: 4/4
  1162 | D:2      | Reached XP level 5. HP: 23/32 MP: 5/5
  1455 | D:2      | 1455 ||| Stepping ~*~*~tactically~*~*~ (stealth).
  1618 | D:2      | 1618 ||| UPGRADING to +0 plate armour.
  1628 | D:2      | 1628 ||| DROPPING +0 chain mail.
  1629 | D:2      | 1629 ||| UPGRADING to ring of positive energy.
  1630 | D:2      | 1630 ||| READING scroll labelled AGICOXZ BEODU.
  1635 | D:2      | 1635 ||| READING scroll labelled QAENOM XYSTRUNOAMI.
  1636 | D:2      | 1636 ||| READING scroll labelled TOARUY PIUMUNI.
  1637 | D:2      | 1637 ||| READING 3 scrolls of identify.
  1637 | D:2      | 1637 ||| IDENTIFYING purple potion
  1638 | D:2      | 1638 ||| READING 2 scrolls of identify.
  1638 | D:2      | 1638 ||| IDENTIFYING sedimented purple potion
  1639 | D:2      | 1639 ||| DROPPING potion of flight.
  1903 | D:3      | Reached XP level 6. HP: 37/37 MP: 6/6
  2223 | D:3      | 2223 ||| Stepping ~*~*~tactically~*~*~ (stealth).
  2477 | D:3      | 2477 ||| READING scroll labelled IZU SUAPHIQ.
  2478 | D:3      | 2478 ||| READING scroll labelled RIKAQIHEVAU.
  2479 | D:3      | 2479 ||| DRINKING 2 bubbling pink potions.
  2520 | D:3      | 2520 ||| READING 4 scrolls of identify.
  2520 | D:3      | 2520 ||| IDENTIFYING murky orange potion
  2521 | D:3      | 2521 ||| READING 3 scrolls of identify.
  2521 | D:3      | 2521 ||| IDENTIFYING lumpy amethyst potion
  2522 | D:3      | 2522 ||| READING 2 scrolls of identify.
  2522 | D:3      | 2522 ||| IDENTIFYING amethyst potion
  2523 | D:3      | 2523 ||| DROPPING potion of invisibility.
  2565 | D:4      | Reached skill level 1 in Throwing
  2608 | D:4      | 2608 ||| DROPPING +0 whip.
  2921 | D:4      | Noticed an air elemental
  2922 | D:4      | Found a stormy altar of Qazlal.
  2941 | D:4      | Noticed a fire elemental
  2941 | D:4      | Noticed a water elemental
  2975 | D:4      | 2975 ||| Stepping ~*~*~tactically~*~*~ (stealth).
  3012 | D:4      | Found a bloodstained altar of Trog.
  3367 | D:4      | Found a glowing golden altar of the Shining One.
  3378 | D:4      | Found a basalt altar of Yredelemnul.
  3380 | D:4      | Noticed a profane servitor
  3449 | D:4      | Noticed an angel
  3451 | D:4      | 3451 ||| READING scroll labelled JEENWOUDIRA.
  3492 | D:5      | Entered Level 5 of the Dungeon
  3492 | D:5      | Found a white marble altar of Elyvilon.
  3523 | D:5      | Noticed an ice beast
  3543 | D:5      | Killed an ice beast
  3558 | D:5      | Reached skill level 6 in Axes
  3558 | D:5      | Reached XP level 7. HP: 42/43 MP: 7/7
  3785 | D:5      | Noticed Eustachio
  3795 | D:5      | 3795 ||| Stepping ~*~*~tactically~*~*~ (stealth).
  3811 | D:5      | 3811 ||| Stepping ~*~*~tactically~*~*~ (stealth).
  3830 | D:5      | 3830 ||| FLEEEEING.
  3831 | D:5      | 3831 ||| FLEEEEING.
  3851 | D:5      | 3851 ||| Stepping ~*~*~tactically~*~*~ (hiding).
  3873 | D:5      | Killed Eustachio
  3874 | D:5      | Reached skill level 7 in Axes
  4105 | D:5      | 4105 ||| Stepping ~*~*~tactically~*~*~ (stealth).
  4106 | D:5      | 4106 ||| Stepping ~*~*~tactically~*~*~ (stealth).
  4109 | D:5      | 4109 ||| Stepping ~*~*~tactically~*~*~ (stealth).
  4110 | D:5      | 4110 ||| Stepping ~*~*~tactically~*~*~ (stealth).
  4378 | D:5      | HP: 8/44 [ogre/+0 giant club (8)]
  4379 | D:5      | 4379 ||| READING scroll of teleportation.
  4380 | D:5      | HP: 3/44 [ogre/+0 giant club (6)]
  4381 | D:5      | Demolished by an ogre

Levels and vault maps discovered:
D:1:      amcnicky_arrival_gap_in_the_tavern_cellar, layout_basic, serial_shops,
          nicolae_shop_advertising_works [nicolae_subvault_shop_adworks],
          basic_ecumenical_altar
D:2:      layout_basic, minmay_tromino_v2, uniq_sigmund
D:3:      layout_loops_corners, nrook_mini_vaults,
          chequers_serial_rivers_room_b, grunt_decor_mini_mirrors,
          nicolae_concentric_dashed_squares_wild
D:4:      layout_basic, grunt_temple_overflow_holy_war,
          nicolae_qazlal_style_of_elements, kennysheep_little_box,
          minmay_door_square
D:5:      layout_loops_ring, nicolae_overflow_hidden_temple, uniq_eustachio

Skill      XL: |  1  2  3  4  5  6  7 |
---------------+----------------------+-----
Axes           | 2 3 5 6 7 |  7.0
Throwing       | 1 |  1.2
Fighting       | 4 |  4.5
Armour         | |  3.2
Shields        | |  3.2

Action                   |  1- 3 |  4- 6 |  7- 9 || total
-------------------------+-------+-------+-------++-------
Melee: War axe           |   104 |   133 |    96 ||   333
Throw: Boomerang         |       |     6 |       ||     6
  Use: Scroll            |     2 |    11 |     1 ||    14
       Potion            |     1 |     1 |       ||     2
Armor: Scale mail        |    36 |       |       ||    36
       Chain mail        |    23 |    18 |       ||    41
       Plate armour      |       |    62 |   118 ||   180
Dodge: Dodged            |    37 |    30 |    32 ||    99
Block: Buckler           |    17 |    27 |    24 ||    68

Table legend:
 A = Non-vault XP
 B = Vault XP
 C = Vault XP percentage of total XP
 D = Non-vault monster count
 E = Vault monster count
 F = Vault count percentage of total count
                 A         B        C        D         E       F
            +---------+---------+-------+---------+---------+-------
      Total |     614 |     409 |  40.0 |      75 |       3 |   3.8
            +---------+---------+-------+---------+---------+-------
        D:1 |      43 |       0 |   0.0 |      28 |       0 |   0.0
        D:2 |      42 |     227 |  84.4 |      17 |       2 |  10.5
        D:3 |      29 |       0 |   0.0 |       9 |       0 |   0.0
        D:4 |     134 |       0 |   0.0 |      15 |       0 |   0.0
        D:5 |     366 |     182 |  33.2 |       6 |       1 |  14.3
            +---------+---------+-------+---------+---------+-------
